 Dungeon Crawl Stone Soup version 0.31-a0-986-g5e6e4ef867 (webtiles) character file.

Game seed: 6036902562592774171

406 LeprechaunX the Changeling (level 6, -1/42 HPs)
             Began as an Octopode Shapeshifter on Nov 21, 2023.
             Slain by an orc
             ... wielding a +0 club
              (4 damage)
             ... on level 5 of the Dungeon.
             The game lasted 00:03:49 (4062 turns).

LeprechaunX the Changeling (Octopode Shapeshifter)  Turns: 4062, Time: 00:03:50

Health: -1/42      AC:  1    Str: 13    XL:     6   Next: 87%
Magic:  6/6        EV: 13    Int: 12    God:
Gold:   218        SH:  0    Dex: 14    Spells: 5/5 levels left

rFire   + . .        j - +2 short sword (speed)
rCold   x . .        (no shield)
rNeg    . . .        (helmet currently unavailable)
rPois   .            (no amulet)
rElec   .            m - ring of resist corrosion
rCorr   +            o - ring of fire
SInv    .            (no ring)
Will    .....        (no ring)
Stlth   ++           (no ring)
HPRegen 0.27/turn    (no ring)
MPRegen 0.10/turn    (no ring)
                     (no ring)

%: no passive effects
@: beast-form
A: beast (slay +3), almost no armour, amphibious, 8 rings, camouflage 1,
gelatinous body 1, (nimble swimmer 1), tentacles
a: Begin Untransformation


You were on level 5 of the Dungeon.
You were a hulking beast.
You visited 1 branch of the dungeon, and saw 5 of its levels.

You collected 218 gold pieces.

Inventory:

Hand Weapons
 a - a +0 sling
 j - a +2 short sword of speed (weapon)
Armour
 l - an orb of mayhem
Jewellery
 m - a ring of resist corrosion (left tentacle)
 o - a ring of fire (right tentacle)
 u - an amulet of magic regeneration
 w - an amulet of faith
 A - an amulet of reflection
Talismans
 b - a beast talisman
 c - a flux talisman
 z - a maw talisman
Scrolls
 d - a scroll of blinking {unknown}
 f - 3 scrolls of teleportation {unknown}
 h - a scroll of fear {unknown}
 i - 2 scrolls of noise {unknown}
 k - a scroll of vulnerability {unknown}
 n - 2 scrolls of immolation {unknown}
 q - 3 scrolls of identify {unknown}
 v - a scroll of amnesia {unknown}
 y - a scroll of poison {unknown}
 B - a scroll of revelation {unknown}
 D - a scroll of enchant armour {unknown}
Potions
 e - 2 potions of resistance {unknown}
 g - a potion of haste {unknown}
 p - 2 potions of mutation {unknown}
 r - a potion of lignification
 s - 2 potions of curing {unknown}
 t - a potion of might {unknown}
 x - a potion of invisibility {unknown}
 C - a potion of magic {unknown}


   Skills:
 + Level 3.3 Fighting
 - Level 2.0 Dodging
 + Level 4.4 Unarmed Combat
 * Level 5.4 Shapeshifting


You had 5 spell levels left.
You didn't know any spells.
Your spell library contained the following spells:

 Spells                   Type           Power      Damage    Failure   Level
 Cigotuvi's Dreadful Rot  Necr/Pois/Air  0%         N/A       45%         2
 Dazzling Flash           Conj/Hex       0%         N/A       69%         3
 Ozocubu's Armour         Ice            0%         N/A       69%         3
 Dispel Undead            Necr           0%         3d6       97%         4
 Agony                    Necr           0%         N/A       100%        5
 Silence                  Hex/Air        0%         N/A       100%        5
 Death Channel            Necr           0%         N/A       100%        6
 Ozocubu's Refrigeration  Ice            0%         4d7       100%        7


Dungeon Overview and Level Annotations

Branches:
Dungeon (5/15)
 Temple: D:4-7

Altars:
Makhleb

Shops:
D:2 [

Annotations:
D:4 1 runed translucent door, Crazy Yiuf


Innate Abilities, Weirdness & Mutations

You are a hulking beast.
Your limbs bulge with bestial killing power. (Slay +3)
You cannot wear most types of armour.
You are amphibious.
You can wear up to eight rings at the same time.
Your skin changes colour to match your surroundings (Stealth+).
Your rubbery body absorbs attacks. (AC +1, EV +1)
((You are camouflaged when in or above water. (Stealth+)))
You have tentacles for arms and can constrict up to eight enemies at once.


Message History

The orc closely misses you.
The orc wizard gestures at you while chanting.
The magic dart hits you!
You hit the orc.
You kill the orc!
You puncture the orc! Your grab misses the orc. You squeeze the orc.
You kill the orc!
The orc wizard casts a spell at you.
You are confused.
The orc hits you with a +0 flail!
You are too confused!
You are too confused!
You are too confused!
You are too confused!
The orc closely misses you. The orc wizard barely misses you.
Things that are here:
a +0 club; a +0 leather armour; an orc corpse You bump into the rock wall.
The orc hits you but does no damage.
The orc wizard hits you with a +0 dagger.
The orc completely misses you.
You hit the orc wizard.
The orc wizard is lightly wounded.
The orc misses you. The orc wizard misses you. The orc misses you.
You bump into the rock wall.
The orc hits you with a +0 club.
The orc wizard hits you with a +0 dagger.
The orc hits you with a +0 flail!
* * * LOW HITPOINT WARNING * * *
You puncture the orc wizard!
The orc wizard is severely wounded.
You hit the orc wizard. Your squeeze misses the orc wizard.
The orc wizard is severely wounded.
The orc barely misses you. The orc wizard completely misses you.
The orc misses you.
You're too confused to move!
The orc hits you with a +0 club.
* * * LOW HITPOINT WARNING * * *
The orc wizard closely misses you. The orc hits you with a +0 flail!
* * * LOW HITPOINT WARNING * * *
You feel less confused. The orc hits you with a +0 club.
You die...

#.........#...#....#
#..?...)..#...#....#
#.........#...#....#
#.........#...#....#
#.........#...#...)#
#.........#...#....#
#..##.o...#...#....#
##..##)o...#.))#
#....oh....#>..#
#..........#...#
#..........#)).#
################


You could see an orc wizard and 2 orcs.

Vanquished Creatures
  Blork the orc (D:4)
  2 hounds
  A gnoll bouda (D:4)
  An orc priest (D:5)
  An orc wizard (D:5)
  7 adders
  5 gnolls
  2 worms (D:2)
  2 dart slugs
  10 orcs
  4 bats
  4 endoplasms
  3 giant cockroaches
  7 goblins
  4 hobgoblins
  5 kobolds
  2 quokkas
  7 ball pythons
  4 frilled lizards
  8 rats
80 creatures vanquished.

Notes
Turn   | Place    | Note
-------+----------+-------------------------------------------
     0 | D:1      | LeprechaunX the Octopode Shapeshifter began the quest for
                  | the Orb.
     0 | D:1      | Reached XP level 1. HP: 13/13 MP: 1/1
   107 | D:1      | Reached XP level 2. HP: 15/18 MP: 2/2
   926 | D:2      | Found Kiut Zie's Armour Shop.
   946 | D:2      | Reached XP level 3. HP: 22/23 MP: 3/3
   959 | D:2      | HP: 1/24 [poisoned by an adder]
  1415 | D:2      | Reached XP level 4. HP: 23/29 MP: 4/4
  1428 | D:2      | Reached skill level 4 in Shapeshifting
  1970 | D:3      | Found a faded altar of an unknown god.
  2655 | D:4      | Noticed Blork the orc
  2666 | D:4      | Killed Blork the orc
  2667 | D:4      | Reached XP level 5. HP: 20/35 MP: 5/5
  3063 | D:4      | Reached XP level 6. HP: 33/41 MP: 6/6
  3330 | D:4      | Found a runed translucent door.
  3331 | D:4      | Noticed Crazy Yiuf
  3617 | D:5      | Entered Level 5 of the Dungeon
  3644 | D:4      | Reached skill level 5 in Shapeshifting
  3866 | D:5      | Found a burning altar of Makhleb.
  4062 | D:5      | Slain by an orc

Illustrated notes

Levels and vault maps discovered:
D:1:      roderic_dead_forest, layout_loops_ring, serial_forest,
          infiniplex_forest_lined_ring, infiniplex_forest_clump_double,
          infiniplex_forest_lined_1, infiniplex_forest_clump_tiny,
          infiniplex_forest_zigzag_1, infiniplex_forest_zigzag_2,
          infiniplex_forest_clump_double, infiniplex_forest_clump_small
D:2:      layout_loops_ring, serial_shops, nicolae_shop_hallway_plus,
          chequers_mini_garden, minmay_quantized
D:3:      layout_loops_ring, ebering_ecumenical_altar_abandoned
D:4:      layout_loops_cross, uniq_blork_the_orc, uniq_crazy_yiuf_cottage
D:5:      layout_gridville, mainiacjoe_overflow_alcove_1, serial_shops, shop,
          nicolae_shop_gadgets

Skill      XL: |  1  2  3  4  5  6 |
---------------+-------------------+-----
Fighting       | 2 3 |  3.3
Shapeshifting  | 4 5 |  5.4
Unarmed Combat | 4 |  4.4
Dodging        | |  2.0

Action                     |  1- 3 |  4- 6 || total
---------------------------+-------+-------++-------
  Melee: Unarmed           |    36 |       ||    36
         Constrict         |    17 |    28 ||    45
         Tentacles         |     9 |    25 ||    34
         Short sword       |    31 |   109 ||   140
         Punch             |     1 |     3 ||     4
   Stab: Sleeping          |     6 |    11 ||    17
         Distracted        |       |     1 ||     1
 Armour: Skin              |    26 |    41 ||    67
  Dodge: Dodged            |    33 |    48 ||    81

Table legend: (Time is in decaauts)
 A = Elapsed time spent in this place.
 B = Non-inter-level travel time spent in this place.
 C = Inter-level travel time spent in this place.
 D = Time resting spent in this place.
 E = Time spent auto-exploring this place.
 F = Levels seen in this place.
 G = Mean time per level.
                   A        B        C        D        E       F      G
               +--------+--------+--------+--------+--------+-----+--------+
         Total |   4012 |   3626 |    386 |    227 |   2917 |   5 |  802.4 |
       Dungeon |   4012 |   3626 |    386 |    227 |   2917 |   5 |  802.4 |
               +--------+--------+--------+--------+--------+-----+--------+

Top non-repeatable levels by time:
     D:4: 1220 daAuts
     D:2: 953 daAuts
     D:1: 874 daAuts
     D:3: 674 daAuts
     D:5: 289 daAuts
